 Dungeon Crawl Stone Soup version 0.27-a0-1248-g57ac2eb73c (webtiles) character file.

Game seed: 7218782521591649747

307 27snakeeyes612 the Skirmisher (level 6, -3/99 HPs)
             Began as an Ogre Fighter on June 10, 2021.
             Killed from afar by an orc wizard (6 damage)
             ... with a puff of flame
             ... on level 4 of the Dungeon.
             The game lasted 00:03:03 (4413 turns).

27snakeeyes612 the Skirmisher (Ogre Fighter)        Turns: 4413, Time: 00:03:04

Health: -3/99      AC:  3    Str: 23    XL:     6   Next: 40%
Magic:  6/6        EV:  8    Int:  9    God:
Gold:   249        SH:  0    Dex:  8    Spells: 5/5 levels left

rFire    . . .     SeeInvis .   a - +0 war axe (vamp)
rCold    . . .     Faith    .   c - +0 kite shield
rNeg     . . .     Spirit   .   b - +0 robe
rPois    .         Reflect  .   (helmet restricted)
rElec    .         Harm     .   (no cloak)
rCorr    .         Rampage  .   (gloves unavailable)
Will     .....                  (boots unavailable)
Stlth    ..........             (no amulet)
HPRegen  0.26/turn              l - ring of flight
MPRegen  0.10/turn              (no ring)

@: confused, mighty, berserking, flying, very quick
A: large, unfitting armour, tough skin 1
a: no special abilities


You were on level 4 of the Dungeon.
You visited 1 branch of the dungeon, and saw 4 of its levels.

You collected 249 gold pieces.

Inventory:

Hand Weapons
 a - a +0 vampiric war axe (weapon)
Armour
 b - a +0 robe (worn)
 c - a +0 kite shield (worn)
Jewellery
 l - a ring of flight (left hand)
Wands
 n - a wand of mindburst (12) (quivered)
Scrolls
 e - a scroll of fear {unknown}
 h - 4 scrolls of identify {unknown}
 i - 2 scrolls of brand weapon
 j - 2 scrolls of blinking {unknown}
 k - a scroll of noise {unknown}
 m - a scroll of summoning {unknown}
 r - a scroll of enchant weapon {unknown}
 s - a scroll of teleportation {unknown}
 t - a scroll of magic mapping {unknown}
Potions
 f - a potion of berserk rage
 g - 2 potions of curing {unknown}
 o - a potion of flight {unknown}
 p - 3 potions of cancellation {unknown}
 q - a potion of lignification {unknown}


   Skills:
 + Level 5.2 Fighting
 + Level 4.5 Axes
 + Level 3.6 Dodging
 + Level 0.4 Stealth
 + Level 3.4 Shields
 + Level 0.4 Evocations


You had 5 spell levels left.
You didn't know any spells.
Your spell library was empty.

Dungeon Overview and Level Annotations

Branches:
Dungeon (4/15)
 Temple: D:4-7

Altars:
Okawaru
Xom


Innate Abilities, Weirdness & Mutations

You are too large for most types of armour.
You have tough skin. (AC +1)


Message History

You closely miss the orc wizard.
The orc wizard is lightly wounded.
You miss something.
Your shield prevents you from hitting the orc.
The orc barely misses you. Something hits you but does no damage.
The orc wizard barely misses you.
You miss something. You slash the orc!
You kill the orc!
You barely miss the orc wizard. Something hits you.
* * * LOW HITPOINT WARNING * * *
The orc wizard points at you and mumbles some strange words.
The magic dart hits you.
* * * LOW HITPOINT WARNING * * *
You hear some strange, mumbled words.
You are more confused.
The orc wizard hits you with a +0 dagger.
* * * LOW HITPOINT WARNING * * *
You miss something. You barely miss the orc wizard.
Something hits you but does no damage. The orc wizard casts a spell at you.
The magic dart hits you.
* * * LOW HITPOINT WARNING * * *
You bump into the translucent stone wall.
Something hits you but does no damage. The orc wizard barely misses you.
You slash the orc wizard!
You feel better.
You kill the orc wizard!
You closely miss something.
You hear some strange, mumbled words.
A magic dart appears from out of thin air!
The magic dart hits you.
* * * LOW HITPOINT WARNING * * *
Something hits you.
* * * LOW HITPOINT WARNING * * *
It was a potion of berserk rage.
A red film seems to cover your vision as you go berserk!
You feel yourself moving faster!
You feel mighty!
You hear some strange, mumbled words.
A puff of flame appears from out of thin air!
The puff of flame hits you.
You die...

..##..).....#+#
...#..#...###.
.#.##...###...#
....#.###...#..
..##### ......#
###.# .......
#...##
.......##
..#..#
......))#
.....##
......#@####
......#
......){...#
......#
.......###.#
.......
.#...###.#.#
.....#.
...###.....#
....... .#
#.##### ......#
#####.######
#...###
#..........#
..###
#..........#


There were no monsters in sight!

Vanquished Creatures
  An ogre (D:4)
  A jelly (D:4)
  Ijyb (D:3)
  Terence (D:3)
  An orc wizard (D:4)
  A hound skeleton (D:4)
  2 worms
  2 adder skeletons (D:4)
  3 dart slugs
  6 orcs
  3 bats (D:1)
  9 endoplasms
  4 giant cockroaches
  2 goblins
  6 hobgoblins
  A jackal (D:3)
  5 quokkas
  3 ball pythons
  3 frilled lizards
  13 kobolds
  A quokka zombie (D:3)
  3 rats
72 creatures vanquished.

Notes
Turn   | Place    | Note
-------+----------+-------------------------------------------
     0 | D:1      | 27snakeeyes612 the Ogre Fighter began the quest for the
                  | Orb.
     0 | D:1      | Reached XP level 1. HP: 24/24 MP: 1/1
   117 | D:1      | Reached XP level 2. HP: 25/32 MP: 2/2
  1212 | D:1      | Reached XP level 3. HP: 37/40 MP: 3/3
  2435 | D:3      | Reached XP level 4. HP: 49/49 MP: 4/4
  2521 | D:3      | Noticed Ijyb
  2528 | D:3      | Killed Ijyb
  3038 | D:3      | Noticed Terence
  3044 | D:3      | Killed Terence
  3045 | D:3      | Reached XP level 5. HP: 55/55 MP: 5/5
  3677 | D:4      | Reached skill level 5 in Fighting
  4192 | D:4      | Found a shimmering altar of Xom.
  4192 | D:4      | Found an iron altar of Okawaru.
  4394 | D:4      | Noticed an ogre
  4397 | D:4      | Killed an ogre
  4398 | D:4      | Reached XP level 6. HP: 42/66 MP: 6/6
  4410 | D:4      | HP: 3/66 [orc wizard/magic dart (3)]
  4413 | D:4      | Killed from afar by an orc wizard

Illustrated notes

Levels and vault maps discovered:
D:1:      psy_arrival_radial02, layout_basic
D:2:      layout_loops_ring
D:3:      kb_forest_paths, layout_basic, uniq_ijyb, uniq_terence
D:4:      minmay_skewed_foursquare, layout_rooms,
          gammafunk_temple_overflow_elements

Skill      XL: |  1  2  3  4  5 |
---------------+----------------+-----
Dodging        | 3 |  3.6
Shields        | 3 |  3.4
Axes           | 3 4 |  4.5
Fighting       | 5 |  5.2
Stealth        | |  0.4
Evocations     | |  0.4

Action                   |  1- 3 |  4- 6 || total
-------------------------+-------+-------++-------
Melee: War axe           |   108 |   109 ||   217
Evoke: Wand              |       |     5 ||     5
  Use: Potion            |       |     2 ||     2
       Scroll            |       |     1 ||     1
Armor: Robe              |    28 |    28 ||    56
Dodge: Dodged            |    31 |    35 ||    66
Block: Kite shield       |    40 |    50 ||    90

Table legend: (Time is in decaauts)
 A = Elapsed time spent in this place.
 B = Non-inter-level travel time spent in this place.
 C = Inter-level travel time spent in this place.
 D = Time resting spent in this place.
 E = Time spent auto-exploring this place.
 F = Levels seen in this place.
 G = Mean time per level.
                   A        B        C        D        E       F      G
               +--------+--------+--------+--------+--------+-----+--------+
         Total |   4540 |   4420 |    120 |    226 |   3589 |   4 | 1135.0 |
       Dungeon |   4540 |   4420 |    120 |    226 |   3589 |   4 | 1135.0 |
               +--------+--------+--------+--------+--------+-----+--------+

Top non-repeatable levels by time:
     D:1: 1409 daAuts
     D:3: 1374 daAuts
     D:2: 994 daAuts
     D:4: 761 daAuts
